 Dungeon Crawl Stone Soup version 0.30-a0-946-gec5dcfc036 (webtiles) character file.

Game seed: 9057466711733642585

1573858 sanka the Acrobat (level 26, 224/224 HPs)
             Began as a Demonspawn Cinder Acolyte on Mar 24, 2023.
             Was an Elder of Ignis.
             Escaped with the Orb
             ... and 3 runes on Mar 26, 2023!
             The game lasted 03:31:39 (77372 turns).

sanka the Acrobat (Demonspawn Cinder Acolyte)      Turns: 77372, Time: 03:31:40

Health: 224/224    AC: 50    Str: 17 (20) XL:     26   Next: 10%
Magic:  27/27      EV: 17    Int:  9 (13) God:    Ignis [****..]
Gold:   7096       SH: 36    Dex: 17 (18) Spells: 29/31 levels left

rFire   + + .      SeeInvis .    a - +9 demon whip (heavy)
rCold   + + .      Faith    .    P - +2 tower shield
rNeg    . . .      Spirit   +    q - +10 storm dragon scales {Bai Suzhen}
rPois   .          Reflect  .    i - +2 helmet
rElec   +          Rampage  .    v - +4 dragonskin cloak
rCorr   .                        (gloves unavailable)
Will    +++..                    R - +2 pair of boots {Fly} Stlth
                                 M - amulet of Foef {Spirit rC++ Dex+6 Stlth+}
HPRegen 0.57/turn                X - +4 ring of slaying
MPRegen 0.20/turn                V - +4 ring of slaying

@: flying, studying Spellcasting
A: claws 3, large bone plates 3, demonic guardian 3, icemail 2, augmentation 2,
condensation shield, clumsy 2, dopey 1, fire resistance 1, strong-willed 2,
screaming 1, no potion heal 1
0: Orb of Zot
}: 3/15 runes: serpentine, barnacled, silver
a: Renounce Religion, Fiery Armour, Foxfire Swarm, Rising Flame


You escaped.
You worshipped Ignis.
Ignis was greatly pleased with you.
You visited 8 branches of the dungeon, and saw 44 of its levels.
You visited the Abyss 3 times.
You also visited: Trove, Sewer, Ossuary, Bailey and Gauntlet.

You collected 10192 gold pieces.
You spent 3096 gold pieces at shops.


Innate Abilities, Weirdness & Mutations

You have claws for hands.
You are completely covered in large bone plates. (SH +8)
A powerful demonic guardian rushes to your aid.
A meltable icy envelope protects you from harm. (AC +8)
Your magical and physical power is enhanced at high health.
A meltable shield of frost defends you. (SH +4)
You are very clumsy. (Dex -4)
You are dopey. (Int -2)
Your flesh is heat resistant. (rF+)
You are highly strong-willed. (Will++)
You occasionally shout uncontrollably at your foes.
Potions are less effective at restoring your health.


   Skills:
 + Level 21.6 Fighting
 - Level 16.0 Maces & Flails
 - Level 16.0 Throwing
 + Level 20.2 Armour
 + Level 22.5 Dodging
 + Level 21.0 Shields
 - Level 3.2 Unarmed Combat
 - Level 3.0 Spellcasting
 - Level 6.0 Fire Magic


You had 29 spell levels left.
You knew the following spells:

 Your Spells              Type           Power      Damage    Failure   Level
y - Scorch                Fire           42%        2d7       36%         2

Your spell library contained the following spells:

 Spells                   Type           Power      Damage    Failure   Level
 Foxfire                  Conj/Fire      48%        2x1d6     63%         1
 Inner Flame              Hex/Fire       12%        N/A       94%         3
 Apportation              Tloc           4%         N/A       96%         1
 Freeze                   Ice            8%         1d3       96%         1
 Kiss of Death            Conj/Necr      8%         2d6       96%         1
 Magic Dart               Conj           8%         1d3       96%         1
 Necrotise                Necr           8%         1d4       96%         1
 Sandblast                Erth           4%         2d4       96%         1
 Slow                     Hex            8%         N/A       96%         1
 Summon Small Mammal      Summ           8%         N/A       96%         1
 Ignite Poison            Fire/Tmut/Pois 8%         N/A       98%         3
 Kindle Blastsparks       Fire/Tloc/Air  16%        2d11      98%         3
 Blink                    Tloc           4%         N/A       99%         2
 Call Imp                 Summ           2%         N/A       99%         2
 Cigotuvi's Dreadful Rot  Necr/Pois/Air  4%         N/A       99%         2
 Ensorcelled Hibernation  Hex/Ice        4%         N/A       99%         2
 Lesser Beckoning         Tloc           4%         N/A       99%         2
 Momentum Strike          Conj/Tloc      4%         3d8       99%         2
 Passwall                 Tmut/Erth      1%         N/A       99%         2
 Sublimation of Blood     Necr           2%         N/A       99%         2
 Wereblood                Tmut           2%         N/A       99%         2
 Confusing Touch          Hex            2%         N/A       100%        3
 Dazzling Flash           Conj/Hex       4%         N/A       100%        3
 Frozen Ramparts          Ice            4%         1d1       100%        3
 Hailstorm                Conj/Ice       2%         3d3       100%        3
 Mephitic Cloud           Conj/Pois/Air  2%         N/A       100%        3
 Ozocubu's Armour         Ice            2%         N/A       100%        3
 Spider Form              Tmut/Pois      2%         N/A       100%        3
 Summon Guardian Golem    Hex/Summ       2%         N/A       100%        3
 Swiftness                Air            2%         N/A       100%        3
 Tukima's Dance           Hex            2%         N/A       100%        3
 Vampiric Draining        Necr           2%         2d6       100%        3
 Vhi's Electric Charge    Tloc/Air       4%         N/A       100%        3
 Airstrike                Air            1%         2d(1-17)  100%        4
 Anguish                  Hex/Necr       1%         N/A       100%        4
 Animate Dead             Necr           2%         N/A       100%        4
 Cause Fear               Hex            1%         N/A       100%        4
 Dispel Undead            Necr           2%         3d7       100%        4
 Fulminant Prism          Conj/Hex       1%         3d5       100%        4
 Iskenderun's Mystic Bla  Conj/Tloc      2%         2d3       100%        4
 Leda's Liquefaction      Hex/Erth       1%         N/A       100%        4
 Manifold Assault         Tloc           2%         N/A       100%        4
 Petrify                  Tmut/Erth      2%         N/A       100%        4
 Sticky Flame             Conj/Fire      12%        2d4       100%        4
 Summon Lightning Spire   Summ/Air       2%         N/A       100%        4
 Agony                    Necr           2%         N/A       100%        5
 Blade Hands              Tmut           1%         N/A       100%        5
 Borgnjor's Vile Clutch   Necr/Erth      1%         N/A       100%        5
 Fireball                 Conj/Fire      6%         3d5       100%        5
 Freezing Cloud           Conj/Ice/Air   1%         6-21      100%        5
 Iskenderun's Battlesphe  Conj           2%         2d6       100%        5
 Lee's Rapid Deconstruct  Erth           1%         3d4*      100%        5
 Metabolic Englaciation   Hex/Ice        1%         N/A       100%        5
 Plasma Beam              Fire/Air       6%         2x1d18    100%        5
 Silence                  Hex/Air        1%         N/A       100%        5
 Summon Forest            Summ/Tloc      1%         N/A       100%        5
 Summon Mana Viper        Hex/Summ       2%         N/A       100%        5
 Death Channel            Necr           1%         N/A       100%        6
 Dispersal                Tloc           1%         N/A       100%        6
 Eringya's Noxious Bog    Tmut/Pois      1%         N/A       100%        6
 Iron Shot                Conj/Erth      1%         9d1       100%        6
 Simulacrum               Ice/Necr       1%         N/A       100%        6
 Starburst                Conj/Fire      6%         6d4       100%        6
 Statue Form              Tmut/Erth      1%         N/A       100%        6
 Summon Cactus Giant      Summ           1%         N/A       100%        6
 Dragon Form              Tmut           1%         N/A       100%        7
 Spellforged Servitor     Conj/Summ      1%         N/A       100%        7
 Storm Form               Tmut/Air       1%         N/A       100%        7
 Summon Hydra             Summ           1%         N/A       100%        7
 Discord                  Hex            1%         N/A       100%        8
 Ignition                 Fire           10%        3d5       100%        8
 Infestation              Necr           1%         N/A       100%        8
 Maxwell's Capacitive Co  Air            1%         ∞         100%        8
 Necromutation            Tmut/Necr      1%         N/A       100%        8
 Summon Horrible Things   Summ           1%         N/A       100%        8

Inventory:

Hand Weapons
 a - a +9 heavy demon whip (weapon)
 b - a +9 spectral eveningstar
Missiles
 m - 9 silver javelins
 G - 7 curare-tipped darts {=f}
 I - 22 javelins (quivered)
 K - 4 throwing nets {=f}
 L - 75 boomerangs
Armour
 i - a +2 helmet (worn)
 q - +10 storm dragon scales (worn) {Bai Suzhen}
 r - a +0 helmet
 v - the +4 dragonskin cloak (worn) Avatar's Aegis: It grants the wearer a chance to resist fire, cold, poison, electricity, acid, and negative energy.
 C - the scarf of Fun and Games {rC+ rF+, Fly rElec} rElec: It insulates you from electricity. Fly: It grants you flight.
 P - a +2 tower shield (worn)
 R - a +2 pair of boots of flying (worn)
Jewellery
 c - a ring of protection from fire
 k - a ring of willpower
 l - the ring "Nyka" {AC+4 Int+5}

   [ring of protection]

   AC:        It affects your AC (+4).
   Int:       It affects your intelligence (+5).
 u - a ring of poison resistance
 z - a +4 ring of protection
 H - a ring of see invisible
 M - the amulet of Foef (around neck) {Spirit rC++ Dex+6 Stlth+}

   [amulet of guardian spirit]

   It causes incoming damage to be divided between your reserves of health and
   magic.
   Dex:       It affects your dexterity (+6).
   rC:        It greatly protects you from cold.
   Stlth:     It makes you more stealthy.
 V - a +4 ring of slaying (right claw)
 X - a +4 ring of slaying (left claw)
Wands
 N - a wand of mindburst (7)
 O - a wand of iceblast (32)
 Y - a wand of acid (22)
 Z - a wand of digging (3)
Scrolls
 e - 5 scrolls of blinking
 f - 8 scrolls of poison {!r}
 g - 6 scrolls of noise {!r}
 h - 7 scrolls of magic mapping
 j - 21 scrolls of teleportation {@r4}
 o - a scroll of enchant weapon
 p - 5 scrolls of silence {!r}
 s - 2 scrolls of summoning
 x - 8 scrolls of fear
 y - 12 scrolls of fog
 D - a scroll of enchant armour
 Q - 7 scrolls of immolation {!r}
Potions
 d - 6 potions of might
 n - 3 potions of haste {@q3}
 t - a potion of ambrosia
 w - 22 potions of curing {@q1}
 A - 4 potions of invisibility
 B - 2 potions of magic
 E - 2 potions of cancellation
 F - 13 potions of attraction {!q}
 T - 7 potions of berserk rage {!q}
 U - 8 potions of mutation {!q}
 W - 3 potions of heal wounds {@q2}
Miscellaneous
 J - a box of beasts
 S - a tin of tremorstones (2/2)

Dungeon Overview and Level Annotations

Branches:
Dungeon (15/15)            Temple (0/1) D:6            Lair (5/5) D:8
 Shoals (4/4) Lair:3        Snake (4/4) Lair:3        Slime (0/5) Lair:4
    Orc (2/2) D:10            Elf (0/3) Orc:2        Vaults (5/5) D:13
  Crypt (0/3) Vaults:3     Depths (4/4) D:15            Zot (5/5) Depths:4
  Sewer (visited)         Ossuary (visited)          Bailey (visited)
Gauntlet (visited)

Altars:
Ashenzari
Dithmenos
Gozag
Kikubaaqudgha
Ru
Trog
Uskayaw
Vehumet
Xom
Jiyva

Shops:
D:6 (   D:10 ?   Orc:2 !([[   Shoals:1 *   Snake:1 *(?   Snake:3 :
Snake:4 :==   Vaults:1 (

Portals:
Hell: Depths:1 Depths:2 Depths:3 Depths:4
Abyss: Snake:4 Depths:3
Pandemonium: Depths:2
Ziggurat: Depths:1

Annotations:
D:6 Boris
Shoals:1 2 transporters, Aldia's ghost, adept GrEE
Snake:4 2 transporters, Ymoomn's ghost, adept MiBe
Vaults:1 2 transporters, exclusion: orange crystal statue

▒...▒▒▒...▒▒▒.....▒ ▒.▒▒.▒
▒▒...▒▒.▒▒▒▒...▒..▒ ▒.▒▒.▒
▒.▒.▒▒.▒▒▒▒...▒..▒▒▒▒.▒▒.▒
▒.▒.▒▒......▒▒▒...........
▒....▒▒▒▒.▒.▒ ▒.▒▒▒▒▒▒▒..▒
▒▒▒▒▒▒▒▒▒▒▒▒▒ ▒'▒▒▒ ▒(.▒▒
▒..▒ ▒...▒...▒▒▒.▒▒▒▒.▒▒
▒▒..▒▒ ▒...
.........▒'▒.▒▒...▒▒
▒▒..▒▒▒▒▒..
........▒▒.▒▒'..6..▒
▒▒...▒▒▒.▒
.......▒▒...▒▒▒...▒▒
▒▒▒...▒.▒
.)....▒▒.....▒▒▒'▒▒
▒▒▒.▒.▒ ......▒........'.▒
▒...▒ ....▒.▒▒..(..▒▒▒'▒▒
▒▒▒▒▒..▒▒
...▒▒▒.▒▒..)▒▒▒...▒▒
▒.......▒ ▒▒▒▒
▒.▒▒▒.▒▒'.....▒ ▒▒.▒▒▒▒▒.▒
▒ ▒.▒▒▒+▒.▒▒...▒▒▒▒▒▒..▒
▒.▒ ▒
▒...▒▒.▒▒▒▒.▒▒...▒▒.▒▒▒
▒.▒


There were no monsters in sight!


Message History

(P) Snake Pit (M) Slime Pits (O) Orcish Mines (E) Elven Halls (V) Vaults (C) Crypt (U) Depths (H) Hell (Z) Zot
Where to? (Enter - D:1, ? - help) HP restored.
There is a stone staircase leading up here.
You fly upwards.
There is a stone staircase leading down here.
There is an open door here.
An Orb Guardian comes into view.
There is a stone staircase leading down here.
There is a stone staircase leading up here.
Unknown command.
You fly upwards.
There is a stone staircase leading down here.
(D) Dungeon (T) Temple (L) Lair (A) Shoals (P) Snake Pit (M) Slime Pits (O) Orcish Mines (E) Elven Halls (V) Vaults (C) Crypt (U) Depths (H) Hell (Z) Zot
Where to? (Enter - D:1, ? - help) You're already here!
(D) Dungeon (T) Temple (L) Lair (A) Shoals (P) Snake Pit (M) Slime Pits (O) Orcish Mines (E) Elven Halls (V) Vaults (C) Crypt (U) Depths (H) Hell (Z) Zot
Where to? (Enter - D:1, ? - help) You're already here!
There is an open door here.
There is a staircase leading out of the dungeon here.
You have escaped!

Action                     |  1- 3 |  4- 6 |  7- 9 | 10-12 | 13-15 | 16-18 | 19-21 | 22-24 | 25-27 || total
---------------------------+-------+-------+-------+-------+-------+-------+-------+-------+-------++-------
  Melee: Mace              |   121 |    74 |    18 |       |       |       |       |       |       ||   213
         Flail             |       |       |   301 |       |       |       |       |       |       ||   301
         Punch             |       |       |     8 |    17 |    25 |       |       |       |       ||    50
         War axe           |       |       |    21 |       |       |       |       |       |       ||    21
         Demon whip        |       |       |    79 |   571 |  1218 |  1516 |  2464 |  1686 |   633 ||  8167
         Whip              |       |       |       |       |     8 |       |       |       |       ||     8
         Headbutt          |       |       |       |       |       |       |   213 |   643 |   142 ||   998
         Eveningstar       |       |       |       |       |       |       |       |    10 |       ||    10
         Unarmed           |       |       |       |       |       |       |       |       |     1 ||     1
  Throw: Javelin           |       |       |       |       |       |       |     2 |     4 |     3 ||     9
         Boomerang         |       |       |       |       |       |       |    49 |    99 |    95 ||   243
   Cast: Scorch            |     1 |    32 |   100 |     4 |       |       |       |       |       ||   137
 Invoke: Fiery Armour      |       |       |     3 |       |       |       |       |       |       ||     3
  Evoke: Wand              |       |       |     3 |       |       |     2 |     1 |       |       ||     6
         Box of beasts     |       |       |     1 |       |       |       |       |       |       ||     1
    Use: Scroll            |       |     6 |    15 |    11 |     7 |     4 |     3 |    28 |     9 ||    83
         Potion            |       |       |     2 |     1 |     1 |     7 |    11 |     9 |    11 ||    42
   Stab: Invisible         |       |       |     2 |       |       |       |       |       |       ||     2
         Petrifying        |       |       |       |     2 |     1 |     1 |       |       |       ||     4
         Sleeping          |       |       |       |     3 |       |       |       |       |       ||     3
         Distracted        |       |       |       |     1 |     2 |     1 |       |       |       ||     4
         Confused          |       |       |       |       |    13 |     6 |       |       |       ||    19
         Petrified         |       |       |       |       |     6 |       |       |       |       ||     6
         Paralysed         |       |       |       |       |     4 |     4 |       |       |       ||     8
 Armour: Robe              |     2 |       |       |       |       |       |       |       |       ||     2
         Ring mail         |    37 |    37 |    49 |       |       |       |       |       |       ||   123
         Steam dragon scal |       |       |    86 |   123 |    14 |       |       |       |       ||   223
         Plate armour      |       |       |       |       |   384 |   421 |   118 |       |       ||   923
         Storm dragon scal |       |       |       |       |       |       |   421 |   399 |   201 ||  1021
         Skin              |       |       |       |       |       |       |       |       |     5 ||     5
  Dodge: Dodged            |    64 |    29 |   243 |   191 |   276 |   446 |   664 |   487 |   256 ||  2656
  Block: Other             |    25 |    27 |   269 |   178 |   192 |       |       |       |     3 ||   694
         Buckler           |       |       |       |       |   366 |   567 |       |       |       ||   933
         Tower shield      |       |       |       |       |       |  1169 |  3214 |  1982 |   919 ||  7284

Levels and vault maps discovered:
D:1:      dpeg_arrival_rhombi, layout_rooms
D:2:      layout_basic, basic_altar, uniq_crazy_yiuf_cottage
D:3:      layout_loops_corners, minmay_misc_feat_hallway, uniq_natasha,
          uniq_jessica
D:4:      layout_layer_cave, nicolae_overflow_hallway_of_the_gods, hex_large,
          uniq_menkaure
D:5:      layout_loops_ring, enter_ossuary_4
D:6:      layout_loops_ring, ashenzari_altar_1, minmay_temple_entry_butterflies,
          serial_shops, nicolae_shop_trees, portal_sewer_entry_d
D:7:      layout_loops_ring, enter_bailey_5, serial_bayou_pond_c,
          chequers_serial_rivers_room_b, ebering_dispersal_statue_hall
D:8:      layout_loops_ring, lair_entry_dummy, minmay_manual_mess
D:9:      layout_long_grid, uniq_psyche
D:10:     layout_grid_maze, orc_0_dummy, st_stairs_7,
          nicolae_nh_oracle_at_delphi, uniq_fannar
D:11:     layout_gridville, nicolae_trove_entry_crossroad, kb_rosetta
D:12:     layout_roguey, gauntlet_entry_generic
D:13:     layout_gridville, erik_vaults_1
D:14:     layout_long_grid, lemuel_tele_altar, hangedman_ranch, uniq_roxanne,
          uniq_snorg
D:15:     gammafunk_enter_depths_forms, layout_grid_maze, serial_demonic,
          serial_demonic_f, serial_demonic_b, serial_demonic_g,
          serial_demonic_e, serial_demonic_d, serial_demonic_e,
          serial_demonic_e, serial_demonic_a, minmay_misc_feat_iff,
          hangedman_abyss_or_decor_clamps, hangedman_devilish_allure
Lair:1:   layout_regular_city, serial_rivers, chequers_serial_rivers_room_b,
          chequers_serial_rivers_room_a, chequers_serial_rivers_small_b,
          chequers_serial_rivers_room_b, chequers_serial_rivers_micro_a,
          chequers_serial_rivers_micro_a, serial_bayou_crossing
Lair:2:   layout_layer_cave, beast_lair_carwin_8
Lair:3:   gammafunk_lair_enchanted_lake, layout_hall_layers,
          minmay_shoals_entry_centaurs, guppyfry_snake_entry_garden,
          chequers_serial_rivers_micro_c, hibernation_bobbens,
          infiniplex_staircase_pool_2, uniq_nessos
Lair:4:   layout_gridlike, dpeg_slime_entry_enclosed, st_stairs_3,
          minmay_lair_drake_nest, infiniplex_staircase_pool
Lair:5:   grunt_lair_end_beastmaster, layout_regular_city, nicolae_lair_lindhole
Shoals:1: layout_shoals, ebering_ghost_davey_jones, serial_shops,
          nicolae_shop_stone
Shoals:2: layout_shoals, uniq_ilsuiw
Shoals:3: layout_shoals, uniq_bai_suzhen
Shoals:4: shoals_end_hangedman, layout_shoals
Snake:1:  layout_layer_cave, minmay_shop_star, serial_bayou_shore_a,
          grunt_megastairs_3, serial_bayou_shore_b
Snake:2:  layout_cave_town, nicolae_snake_gridmaze_tees,
          hangedman_snake_sidewinding
Snake:3:  nicolae_snake_attic_fulla_snakes, layout_concentric_octagons,
          basic_altar, nicolae_shop_self_help
Snake:4:  snake_pit, layout_rooms, gammafunk_ghost_abyssal_escape, basic_altar,
          hangedman_snake_wide_pillar_pass, minmay_shop_grove
Orc:1:    layout_caves, uniq_urug
Orc:2:    st_orc_ogre_mass, layout_caves, special_room, mines1_david
Vaults:1: v_pattern_4, grunt_vaults_bifocal, nicolae_vaults_ring_of_whatevers,
          nicolae_vaults_shelves_hall, nicolae_vaults_ninety_degrees,
          ontoclasm_vaults_ligature, nicolae_vaults_specimen_jars,
          hangedman_vaults_maws, ontoclasm_vaults_tryst, hangedman_vaults_maws,
          nicolae_vaults_asterisk, gammafunk_sealed_arena, vaults_room_corners,
          vaults_dpeg_diagonal, layout_vaults_omnicross, serial_shops, shop
Vaults:2: vaults_dpeg_ring, nicolae_vaults_puzzle_piece, v_misc_29,
          vaults_dpeg_hooks, st_squares, v_misc_10,
          nicolae_vaults_mini_display_case, vaults_room_stairs_pillars,
          nicolae_vaults_yaktaur_gun_rack, ontoclasm_vaults_decontamination,
          layout_vaults_chaotic_city, uniq_mennas
Vaults:3: nicolae_vaults_an_arrangement, minmay_crypt_entry_simple_statues,
          ontoclasm_vaults_ring_large, v_rooms_6, v_misc_15, vaults_dpeg_spiral,
          vaults_room_corners, hangedman_vaults_corner_blocks,
          nicolae_vaults_circle_grid_b, nicolae_vaults_shelves_hall,
          hangedman_vaults_unwind, vaults_dpeg_encased_lava,
          dpeg_vaults_monster_box, v_misc_28, layout_vaults_omnibox,
          uniq_margery, uniq_aizul, uniq_xtahua, uniq_donald
Vaults:4: v_alt_pattern_4, vaults_mumra_chevron, v_misc_5, v_misc_31,
          nicolae_vaults_asterisk, ontoclasm_vaults_misaligned,
          nicolae_vaults_hallways_thing, hangedman_vaults_stitches,
          nicolae_vaults_asterisk, vaults_standard_mumra_x,
          ontoclasm_vaults_bender, vaults_room_pool, v_misc_9,
          layout_vaults_maze_bifur, uniq_zenata, uniq_jory, uniq_mara
Vaults:5
Depths:1: layout_cave_pools, enter_ziggurat_b, hell_entry,
          nicolae_shop_overcharged_wands, uniq_asterion
Depths:2: minmay_chopped_fan, layout_honeycomb, corexii_leaking_fountain,
          grunt_pan_entry_spiral, hell_entry
Depths:3: minmay_stepped, layout_gridlike, minmay_room_of_horrors, hell_entry,
          minmay_misc_feat_ornament, evilmike_butchery,
          hangedman_decor_cross_pass, uniq_boris
Depths:4: grunt_twist_and_shout, layout_cave_shapes, nicolae_benzene_ring,
          grunt_metal_band, nicolae_twisting_strands, nrook_uturn
Zot:1:    layout_cathedral_of_symmetry
Zot:2:    layout_cathedral_of_symmetry
Zot:3:    hangedman_snap_crack_crunch, layout_cathedral_of_symmetry
Zot:4:    kennysheep_spiral_hall, layout_concentric_octagons, uniq_tiamat
Zot:5:    layout_gridlike

Notes
Turn   | Place    | Note
-------+----------+-------------------------------------------
     0 | D:1      | sanka the Demonspawn Cinder Acolyte began the quest for the
                  | Orb.
     0 | D:1      | Reached XP level 1. HP: 18/18 MP: 2/2
   210 | D:1      | Reached skill level 3 in Fire Magic
   226 | D:1      | Gained mutation: You are partially covered in large bone
                  | plates. (SH +4) [demonic ancestry]
   226 | D:1      | Reached XP level 2. HP: 24/24 MP: 2/4
   777 | D:2      | Reached skill level 2 in Spellcasting
   994 | D:2      | Gained mutation: You are mostly covered in large bone
                  | plates. (SH +6) [demonic ancestry]
   994 | D:2      | Reached XP level 3. HP: 29/29 MP: 6/6
  1176 | D:2      | Found a runed translucent door.
  1177 | D:2      | Noticed Crazy Yiuf
  1312 | D:2      | Found a hide-covered altar of Uskayaw.
  1417 | D:2      | Learned a level 2 spell: Scorch
  1602 | D:3      | Reached skill level 3 in Spellcasting
  1683 | D:3      | Noticed Jessica
  1690 | D:3      | Killed Jessica
  1691 | D:3      | Gained mutation: A weak demonic guardian rushes to your
                  | aid. [demonic ancestry]
  1691 | D:3      | Reached XP level 4. HP: 24/35 MP: 3/8
  2125 | D:3      | Noticed Natasha
  2130 | D:3      | Killed Natasha
  2131 | D:3      | Reached skill level 4 in Fire Magic
  2528 | D:4      | Found an opulent altar of Gozag.
  2528 | D:4      | Found a sacrificial altar of Ru.
  2664 | D:4      | Noticed an ogre
  2667 | D:4      | Killed an ogre
  2668 | D:4      | Reached skill level 5 in Fire Magic
  2668 | D:4      | Gained mutation: A meltable shield of frost defends you.
                  | (SH +4) [demonic ancestry]
  2668 | D:4      | Reached XP level 5. HP: 17/41 MP: 2/9
  2913 | D:4      | Reached XP level 6. HP: 42/47 MP: 3/10
  3185 | D:4      | Noticed Menkaure
  3191 | D:4      | Killed Menkaure
  3192 | D:4      | Reached skill level 6 in Fire Magic
  3766 | D:4      | Found a radiant altar of Vehumet.
  3769 | D:4      | Found a shimmering altar of Xom.
  3775 | D:4      | Found an ancient bone altar of Kikubaaqudgha.
  3782 | D:4      | Reached skill level 4 in Fighting
  4039 | D:5      | Entered Level 5 of the Dungeon
  4084 | D:5      | Reached XP level 7. HP: 55/55 MP: 4/11
  4140 | D:5      | Reached skill level 5 in Fighting
  4334 | D:5      | Found a sand-covered staircase.
  4368 | Ossuary  | Entered an ossuary
  4368 | Ossuary  | Noticed a wraith
  4368 | Ossuary  | Noticed a wraith
  4368 | Ossuary  | Noticed a wraith
  4473 | Ossuary  | Noticed a wraith
  4497 | Ossuary  | Killed a wraith
  4498 | Ossuary  | Reached skill level 6 in Fighting
  4498 | Ossuary  | Reached skill level 1 in Dodging
  4863 | D:5      | Reached skill level 2 in Dodging
  5488 | D:6      | Gained mutation: You have sharp fingernails. [demonic
                  | ancestry]
  5488 | D:6      | Reached XP level 8. HP: 62/65 MP: 12/12
  5511 | D:6      | Found a broken altar of Ashenzari.
  5591 | D:6      | Reached skill level 1 in Unarmed Combat
  5676 | D:6      | Found a staircase to the Ecumenical Temple.
  5749 | D:6      | Reached skill level 3 in Dodging
  5807 | D:6      | Identified +0 steam dragon scales
  5808 | D:6      | Reached skill level 7 in Fighting
  5808 | D:6      | Reached skill level 2 in Unarmed Combat
  5863 | D:6      | Found a glowing drain.
  5947 | Sewer    | Entered a sewer
  6461 | Sewer    | Reached skill level 4 in Dodging
  6470 | Sewer    | Reached skill level 3 in Unarmed Combat
  6832 | D:6      | Found Iloemnel's Antique Weapon Emporium.
  7183 | D:7      | Found a flagged portal.
  7233 | Bailey   | Entered a bailey
  7258 | Bailey   | Reached skill level 3 in Maces & Flails
  7265 | Bailey   | Reached XP level 9. HP: 52/73 MP: 6/13
  7572 | Bailey   | Noticed an orc knight
  7604 | Bailey   | Killed an orc knight
  7605 | Bailey   | Reached skill level 5 in Maces & Flails
  7614 | Bailey   | Identified the +0 ring mail "Bydduporph" {Rampage Will++}
  7767 | Bailey   | Found a burning altar of Makhleb.
  7864 | D:7      | Reached skill level 6 in Maces & Flails
  8096 | D:6      | Bought a glowing demon whip for 540 gold pieces
  8591 | D:7      | Reached skill level 7 in Maces & Flails
  8967 | D:8      | Identified 2 scrolls of acquirement
  8968 | D:8      | Acquired 849 gold pieces
  9036 | D:8      | Found a staircase to the Lair.
  9058 | D:8      | Noticed a komodo dragon
  9074 | D:8      | HP: 6/73 [komodo dragon (12)]
  9084 | D:8      | Killed a komodo dragon
  9342 | D:8      | Noticed a skeletal warrior
  9380 | D:8      | Killed a skeletal warrior
  9381 | D:8      | Reached skill level 8 in Maces & Flails
  9381 | D:8      | Gained mutation: A meltable icy envelope protects you from
                  | harm. (AC +8) [demonic ancestry]
  9381 | D:8      | Reached XP level 10. HP: 33/80 MP: 14/14
  9551 | D:8      | Noticed a four-headed hydra
  9565 | D:8      | Killed a four-headed hydra
  9566 | D:8      | Reached skill level 9 in Maces & Flails
  9873 | D:8      | Identified the amulet of Foef {Spirit rC++ Dex+6 Stlth+}
 10278 | D:9      | Identified +0 steam dragon scales
 10279 | D:9      | Reached skill level 10 in Maces & Flails
 10344 | D:9      | Noticed Psyche
 10362 | D:9      | Killed Psyche
 10944 | D:10     | Entered Level 10 of the Dungeon
 11063 | D:10     | Reached skill level 11 in Maces & Flails
 11137 | D:10     | Found a staircase to the Orcish Mines.
 11372 | D:10     | Acquired the Teachings on the Befouled Swarm
 11374 | D:10     | Acquired the scarf of Fun and Games {rC+ rF+, Fly rElec}
 11387 | D:10     | Acquired 866 gold pieces
 11524 | D:10     | Noticed Fannar
 11540 | D:10     | Killed Fannar
 11541 | D:10     | Reached XP level 11. HP: 85/85 MP: 15/15
 11676 | D:10     | Found The Oracle's Delphic Readings.
 12204 | D:11     | Found a portal to a secret trove of treasure.
 12230 | D:11     | You paid a toll of 4 scrolls of fog to enter a treasure
                  | trove
 12231 | Trove    | Entered a treasure trove
 12256 | Trove    | Got Sif Muna's Directory of Destined Topography
 12292 | Trove    | Identified the amulet of Duizagru {Faith rF+}
 12335 | D:11     | Reached skill level 12 in Maces & Flails
 12378 | D:11     | Reached skill level 1 in Shields
 12493 | D:11     | Reached skill level 1 in Armour
 12653 | D:11     | Noticed a boulder beetle
 12682 | D:11     | Killed a boulder beetle
 12683 | D:11     | Reached skill level 8 in Fighting
 12683 | D:11     | Reached skill level 5 in Dodging
 12683 | D:11     | Reached skill level 2 in Shields
 12776 | D:11     | Noticed a brown ugly thing
 12783 | D:11     | Killed a brown ugly thing
 12787 | D:11     | Noticed a wizard
 12793 | D:11     | Killed a wizard
 12794 | D:11     | Reached skill level 2 in Armour
 12794 | D:11     | Reached skill level 3 in Shields
 12811 | D:11     | Noticed a six-headed hydra
 12817 | D:11     | Killed a six-headed hydra
 12897 | D:11     | Reached skill level 4 in Shields
 13336 | Lair:1   | Entered Level 1 of the Lair of Beasts
 13357 | Lair:1   | Reached skill level 3 in Armour
 13703 | Lair:1   | Reached skill level 5 in Shields
 13714 | Lair:1   | Reached skill level 6 in Dodging
 13740 | Lair:1   | Reached skill level 9 in Fighting
 13864 | Lair:1   | a wolf changed into a glowing shapeshifter
 13864 | Lair:1   | Noticed a glowing shapeshifter (glowing shapeshifter)
 13864 | Lair:1   | a glowing shapeshifter changed into an eye of devastation
 13872 | Lair:1   | Reached skill level 4 in Armour
 13980 | Lair:1   | Reached skill level 6 in Shields
 13992 | Lair:1   | Gained mutation: A meltable icy envelope protects you from
                  | harm. (AC +8) [demonic ancestry]
 13992 | Lair:1   | Reached XP level 12. HP: 95/95 MP: 16/16
 14667 | Lair:2   | Noticed a five-headed hydra
 14677 | Lair:2   | Killed a five-headed hydra
 14678 | Lair:2   | Reached skill level 7 in Shields
 14923 | Lair:2   | Reached skill level 5 in Armour
 14923 | Lair:2   | Reached skill level 7 in Dodging
 15029 | Lair:2   | Reached skill level 10 in Fighting
 15029 | Lair:2   | Reached skill level 8 in Shields
 15744 | Lair:3   | Found a staircase to the Snake Pit.
 15813 | Lair:3   | Noticed a boulder beetle
 15842 | Lair:3   | Killed a boulder beetle
 15898 | Lair:3   | Reached skill level 6 in Armour
 15916 | Lair:3   | Noticed a five-headed hydra
 15936 | Lair:3   | Killed a five-headed hydra
 15937 | Lair:3   | Reached skill level 9 in Shields
 15948 | Lair:3   | Reached skill level 8 in Dodging
 16090 | Lair:3   | Noticed a dire elephant
 16112 | Lair:3   | Found a runed translucent door.
 16133 | Lair:3   | Noticed Nessos
 16163 | Lair:3   | Killed Nessos
 16337 | Lair:3   | Found a staircase to the Shoals.
 16426 | Lair:3   | Reached XP level 13. HP: 42/104 MP: 12/17
 16432 | Lair:3   | HP: 9/104 [poison (poison gas)]
 16437 | Lair:3   | HP: 6/104 [poison (poison gas)]
 17094 | Lair:3   | Killed a dire elephant
 17276 | Lair:3   | Identified the +4 plate armour "Assotion" {-Cast rF+ rC+
                  | Dex+8}
 17290 | Lair:3   | Identified the ring "Memy" {Drain rC+ MP+9 Int+2 Dex+4}
 17459 | Lair:4   | Reached skill level 10 in Shields
 17468 | Lair:4   | Reached skill level 11 in Fighting
 17468 | Lair:4   | Reached skill level 7 in Armour
 18155 | Lair:4   | Found a viscous altar of Jiyva.
 18155 | Lair:4   | Found a staircase to the Slime Pits.
 18406 | Lair:5   | Entered Level 5 of the Lair of Beasts
 18459 | Lair:5   | Reached skill level 8 in Armour
 18913 | Lair:5   | Reached skill level 9 in Armour
 18992 | Lair:5   | Reached skill level 12 in Fighting
 19229 | Lair:5   | Reached skill level 10 in Armour
 19229 | Lair:5   | Gained mutation: You are completely covered in large bone
                  | plates. (SH +8) [demonic ancestry]
 19229 | Lair:5   | Reached XP level 14. HP: 93/115 MP: 15/18
 20073 | D:2      | Killed Crazy Yiuf
 20267 | Orc:1    | Entered Level 1 of the Orcish Mines
 20268 | Orc:1    | Noticed Urug
 20288 | Orc:1    | Killed Urug
 20745 | Orc:2    | Entered Level 2 of the Orcish Mines
 20896 | Orc:2    | Found a staircase to the Elven Halls.
 21177 | Orc:2    | Reached skill level 11 in Armour
 21255 | Orc:2    | Paralysed by an ogre mage for 5 turns
 21256 | Orc:2    | Reached skill level 13 in Fighting
 21370 | Orc:2    | Reached skill level 12 in Armour
 21514 | Orc:2    | Found Ilesui's Armour Shop.
 21514 | Orc:2    | Found Zifitaco's Armour Emporium.
 21515 | Orc:2    | Found Sexuoram's Antique Weapon Emporium.
 21515 | Orc:2    | Found Ulecin's Distillery.
 21534 | Orc:2    | Bought a potion of heal wounds for 65 gold pieces
 21534 | Orc:2    | Bought a potion of heal wounds for 65 gold pieces
 21534 | Orc:2    | Bought a potion of berserk rage for 65 gold pieces
 21612 | Orc:2    | Bought a +2 pair of boots of flying for 322 gold pieces
 21623 | Orc:2    | Bought a smouldering whip for 210 gold pieces
 21623 | Orc:2    | Identified the +10 whip "Tithruetu" {spect, Dex+6} (You
                  | bought it in a shop on level 2 of the Orcish Mines)
 21631 | Orc:2    | Bought a potion of might for 52 gold pieces
 21631 | Orc:2    | Bought a potion of invisibility for 104 gold pieces
 21695 | D:12     | Found a gate leading to a gauntlet.
 21720 | Gauntlet | Entered a Gauntlet
 21720 | Gauntlet | Found a transporter.
 21727 | Gauntlet | Found a transporter.
 21729 | Gauntlet | Found a transporter.
 21743 | Gauntlet | Found a transporter.
 21750 | Gauntlet | Found a transporter.
 21768 | Gauntlet | Noticed a reaper
 21771 | Gauntlet | Found a transporter.
 21782 | Gauntlet | Found a transporter.
 21793 | Gauntlet | Found a transporter.
 21814 | Gauntlet | Found a transporter.
 21827 | Gauntlet | Found a transporter.
 21827 | Gauntlet | Found a transporter.
 21874 | Gauntlet | Found a transporter.
 21892 | Gauntlet | Found a transporter.
 21930 | Gauntlet | Found a transporter.
 22093 | Gauntlet | Identified the +1 cloak of the Dungeon {Str+4}
 22105 | Gauntlet | Acquired the +0 buckler of Panentheism {Str+7}
 22122 | Gauntlet | Identified the +5 ring mail of the Wary Orbs {-Cast Harm
                  | rPois rCorr}
 22144 | Gauntlet | Identified the +7 broad axe "Mosin" {holy, Dex+3}
 22145 | Gauntlet | Got the Excursus on Shifting and Transfiguration
 22145 | Gauntlet | Got The Fundamentals of Spellweaving
 22405 | D:12     | Reached XP level 15. HP: 123/125 MP: 19/19
 22804 | D:12     | Reached skill level 13 in Armour
 22884 | D:12     | Reached skill level 9 in Dodging
 23023 | D:12     | Reached skill level 14 in Fighting
 23029 | D:12     | Reached skill level 11 in Shields
 23451 | D:13     | Found a gate to the Vaults.
 24367 | D:14     | Reached skill level 12 in Shields
 24497 | D:14     | Noticed Roxanne
 24742 | D:14     | Noticed Snorg
 24753 | D:14     | Killed Snorg
 25184 | D:14     | Found a bloodstained altar of Trog.
 25198 | D:14     | Reached skill level 10 in Dodging
 25385 | D:14     | Killed Roxanne
 25543 | D:15     | Entered Level 15 of the Dungeon
 26132 | D:15     | Gained mutation: You have very sharp fingernails. [demonic
                  | ancestry]
 26132 | D:15     | Reached XP level 16. HP: 125/134 MP: 18/20
 26284 | D:15     | Found a staircase to the Depths.
 26498 | D:15     | Reached skill level 13 in Shields
 26501 | D:15     | Reached skill level 14 in Armour
 26611 | D:15     | Reached skill level 15 in Fighting
 26967 | D:15     | Identified the +5 falchion of the Teaching Traitor {freeze,
                  | *Noise rPois Dex+8}
 27182 | Snake:1  | Entered Level 1 of the Snake Pit
 27192 | Snake:1  | Found Pibbarah's Magic Scroll Shoppe.
 27194 | Snake:1  | Found Xiharol's Weapon Emporium.
 27196 | Snake:1  | Found Osodem's General Store.
 27314 | Snake:1  | Identified a potion of experience
 27315 | Snake:1  | Reached skill level 14 in Shields
 27315 | Snake:1  | Gained mutation: You have claws for hands. [demonic
                  | ancestry]
 27315 | Snake:1  | Reached XP level 17. HP: 142/142 MP: 21/21
 27507 | Snake:1  | Reached skill level 15 in Shields
 27850 | Snake:1  | Reached skill level 11 in Dodging
 29674 | Snake:2  | Reached skill level 15 in Armour
 29991 | Snake:2  | Reached skill level 12 in Dodging
 30019 | Snake:2  | HP: 14/142 [constriction (4)]
 30032 | Snake:2  | HP: 2/142 [naga mage/bolt of poison (29)]
 30040 | Snake:2  | HP: 13/142 [poisoned by a naga mage (bolt of poison)]
 30762 | Snake:2  | Identified the ring "Nyka" {AC+4 Int+5}
 30805 | Snake:2  | Reached skill level 13 in Dodging
 31528 | Snake:3  | Found a shadowy altar of Dithmenos.
 31717 | Snake:3  | Reached XP level 18. HP: 133/149 MP: 22/22
 31937 | Snake:3  | Reached skill level 14 in Dodging
 32645 | Snake:3  | Found Ocrir's Self-Improvement Boutique.
 32652 | Snake:3  | Bought a manual of Dodging for 1360 gold pieces
 32811 | Snake:4  | Entered Level 4 of the Snake Pit
 32830 | Snake:4  | Found a transporter.
 32945 | Snake:4  | Identified a +2 robe of resistance
 33222 | Snake:4  | Noticed Ymoomn's ghost (adept MiBe)
 33296 | Snake:3  | Reached skill level 15 in Dodging
 33469 | Snake:3  | Reached skill level 16 in Shields
 33898 | Snake:4  | Found a one-way gate to the infinite horrors of the Abyss.
 33909 | Snake:4  | Found a transporter.
 34932 | Snake:4  | Found Erchom's Book Emporium.
 34932 | Snake:4  | Found Evotezy's Jewellery Boutique.
 34933 | Snake:4  | Found Imonkidgh's Jewellery Boutique.
 35051 | Snake:4  | Identified a +0 robe of resistance
 35067 | Snake:4  | Reached skill level 17 in Shields
 35434 | Snake:4  | Got a serpentine rune of Zot
 35530 | Snake:4  | Upgraded the game from 0.30-a0-937-ga0a21ad780 to
                  | 0.30-a0-939-gc8157cb160
 35660 | Shoals:1 | Entered Level 1 of the Shoals
 35724 | Shoals:1 | Reached skill level 16 in Dodging
 36479 | Shoals:1 | Found a transporter.
 36479 | Shoals:1 | Found a transporter.
 36479 | Shoals:1 | Noticed Aldia's ghost (adept GrEE)
 36549 | Shoals:1 | Identified the ring "Ajihoh" {Will+ Str+2 Int+6}
 36644 | Shoals:1 | Reached skill level 17 in Dodging
 36929 | Shoals:1 | Found Libloigg's Assorted Antiques.
 36937 | Shoals:1 | Bought a distressingly furry cloak for 313 gold pieces
 36937 | Shoals:1 | Identified the +1 cloak of Card Tricks {Int+2} (You bought
                  | it in a shop on level 1 of the Shoals)
 37202 | Shoals:2 | Reached XP level 19. HP: 155/155 MP: 23/23
 37256 | Shoals:2 | Noticed Ilsuiw
 37285 | Shoals:2 | Killed Ilsuiw
 38597 | Shoals:3 | Noticed Bai Suzhen
 38636 | Shoals:3 | Killed Bai Suzhen
 38636 | Shoals:3 | Identified +4 storm dragon scales {Bai Suzhen}
 39244 | Shoals:3 | Reached skill level 18 in Dodging
 39971 | Shoals:4 | Entered Level 4 of the Shoals
 40257 | Shoals:4 | Reached skill level 16 in Fighting
 40551 | Shoals:4 | Reached skill level 16 in Armour
 40793 | Shoals:4 | Identified the +7 bardiche of Raaz {vamp, rN++ Dex+3}
 41092 | Shoals:4 | Got a barnacled rune of Zot
 41253 | Shoals:4 | Reached skill level 19 in Dodging
 41262 | Shoals:4 | Got the Catalogue of Arenous Pyromancy
 42940 | Vaults:1 | Entered Level 1 of the Vaults
 42994 | Vaults:1 | Reached skill level 1 in Throwing
 43005 | Vaults:1 | Reached skill level 2 in Throwing
 43022 | Vaults:1 | Reached skill level 3 in Throwing
 43022 | Vaults:1 | Paralysed by a great orb of eyes for 3 turns
 43060 | Abyss:2  | Cast into level 2 of the Abyss (a wizard)
 43075 | Abyss:2  | Reached skill level 4 in Throwing
 43138 | Abyss:2  | Reached skill level 5 in Throwing
 43172 | Abyss:2  | Found a corrupted altar of Lugonu.
 43250 | Abyss:2  | Reached skill level 6 in Throwing
 43427 | Abyss:2  | Found a corrupted altar of Lugonu.
 43433 | Abyss:2  | Reached skill level 7 in Throwing
 43617 | Abyss:2  | Reached skill level 8 in Throwing
 43817 | Vaults:1 | Escaped the Abyss
 43832 | Vaults:1 | Reached skill level 9 in Throwing
 44103 | Vaults:1 | Found Yfebufe's Antique Weapon Shoppe.
 44152 | Vaults:1 | Reached skill level 10 in Throwing
 44152 | Vaults:1 | Reached XP level 20. HP: 164/164 MP: 24/24
 44179 | Vaults:1 | Identified a +1 robe of resistance
 44421 | Vaults:1 | Reached skill level 11 in Throwing
 44613 | Vaults:1 | Reached skill level 12 in Throwing
 45126 | Vaults:1 | Reached skill level 13 in Throwing
 45194 | Vaults:1 | Found a transporter.
 45204 | Vaults:1 | Found a transporter.
 46295 | Vaults:2 | Reached skill level 14 in Throwing
 46463 | Abyss:3  | Found a corrupted altar of Lugonu.
 46463 | Abyss:3  | Cast into level 3 of the Abyss (a wizard)
 46540 | Abyss:3  | Found a burning altar of Makhleb.
 46645 | Abyss:3  | Gained mutation: You are frail. (-10% HP) [a neqoxec]
 46670 | Abyss:3  | HP: 12/147 [cyan very ugly thing (7)]
 46729 | Abyss:3  | Noticed a bone dragon
 46756 | Abyss:3  | Killed a bone dragon
 46895 | Abyss:3  | Reached skill level 15 in Throwing
 46908 | Vaults:2 | Escaped the Abyss
 47650 | Vaults:2 | Noticed Mennas
 47750 | Abyss:3  | Cast into level 3 of the Abyss (a wizard)
 47768 | Abyss:3  | Found a corrupted altar of Lugonu.
 47892 | Abyss:3  | Lost mutation: You are frail. (-10% HP) [potion of
                  | mutation]
 47892 | Abyss:3  | Gained mutation: Your system is resistant to poisons.
                  | (rPois) [potion of mutation]
 47892 | Abyss:3  | Gained mutation: You are vulnerable to heat. (rF-) [potion
                  | of mutation]
 47892 | Abyss:3  | Gained mutation: You are frail. (-10% HP) [potion of
                  | mutation]
 47893 | Abyss:3  | Lost mutation: You are frail. (-10% HP) [potion of
                  | mutation]
 47893 | Abyss:3  | Lost mutation: You are vulnerable to heat. (rF-) [potion of
                  | mutation]
 47893 | Abyss:3  | Lost mutation: Your system is resistant to poisons. (rPois)
                  | [potion of mutation]
 47893 | Abyss:3  | Gained mutation: You have large cloven feet. [potion of
                  | mutation]
 47893 | Abyss:3  | Gained mutation: You have a pair of small horns on your
                  | head. [potion of mutation]
 47893 | Abyss:3  | Gained mutation: You are dopey. (Int -2) [potion of
                  | mutation]
 47893 | Abyss:3  | Gained mutation: You are strong-willed. (Will+) [potion of
                  | mutation]
 47978 | Abyss:3  | Reached skill level 16 in Throwing
 48023 | Vaults:2 | Escaped the Abyss
 48374 | Vaults:2 | Gained mutation: A demonic guardian rushes to your aid.
                  | [demonic ancestry]
 48374 | Vaults:2 | Reached XP level 21. HP: 163/172 MP: 25/25
 48812 | Vaults:2 | Identified the +5 arbalest of the Toothy God {antimagic,
                  | Drain rC++ SInv}
 48824 | Vaults:2 | Killed Mennas
 48992 | Vaults:2 | Reached skill level 17 in Fighting
 49204 | Vaults:3 | Noticed Aizul
 49217 | Vaults:3 | Killed Aizul
 49376 | Vaults:3 | Noticed Xtahua
 49388 | Vaults:3 | Killed Xtahua
 49641 | Vaults:3 | Identified +2 fire dragon scales
 49641 | Vaults:3 | Noticed Margery
 49667 | Vaults:3 | Killed Margery
 50182 | Vaults:3 | Noticed Donald
 50195 | Vaults:3 | Killed Donald
 50614 | Vaults:3 | Identified the +2 hand axe "Omuhetyr" {heavy, *Noise rPois
                  | Str+3 Dex+2}
 50772 | Vaults:3 | Identified the +8 morningstar "Grum" {drain, Will+ SInv}
 51275 | Vaults:3 | Found a staircase to the Crypt.
 51808 | Vaults:4 | Noticed Zenata
 51832 | Vaults:4 | Killed Zenata
 52080 | Vaults:4 | Noticed Mara
 52094 | Vaults:4 | Noticed sanka's illusion
 52095 | Vaults:4 | Noticed sanka's illusion
 52109 | Vaults:4 | Killed Mara
 52849 | Vaults:4 | Noticed Jory
 52860 | Vaults:4 | Killed Jory
 52884 | Vaults:4 | Reached skill level 18 in Fighting
 52951 | Vaults:4 | Gained mutation: Your magical and physical power is
                  | slightly enhanced at high health. [demonic ancestry]
 52951 | Vaults:4 | Reached XP level 22. HP: 184/184 MP: 26/26
 53146 | Vaults:4 | Reached skill level 17 in Armour
 53688 | Depths:1 | Entered Level 1 of the Depths
 53688 | Depths:1 | Found a gateway to Hell.
 53948 | Depths:1 | Reached skill level 18 in Shields
 54036 | Depths:1 | Found a one-way gateway to a ziggurat.
 54126 | Depths:1 | Noticed Asterion
 54141 | Depths:1 | Killed Asterion
 54222 | Depths:1 | Found Udashre's Overcharged Wands.
 54440 | Depths:2 | Identified +0 ice dragon scales
 54728 | Depths:2 | Identified +0 ice dragon scales
 54862 | Depths:2 | Noticed a caustic shrike
 54865 | Depths:2 | Noticed a caustic shrike
 54866 | Depths:2 | Noticed a caustic shrike
 54874 | Depths:2 | Killed a caustic shrike
 54879 | Depths:2 | Killed a caustic shrike
 54883 | Depths:2 | Killed a caustic shrike
 54886 | Depths:2 | Reached skill level 20 in Dodging
 54993 | Depths:2 | Noticed a caustic shrike
 54999 | Depths:2 | Killed a caustic shrike
 55212 | Depths:2 | Got the Opusculum on Numb Transposition
 55527 | Depths:2 | Found a one-way gate leading to the halls of Pandemonium.
 55715 | Depths:2 | Noticed a golden dragon
 55724 | Depths:2 | Killed a golden dragon
 56192 | Depths:2 | Identified +0 fire dragon scales
 57088 | Depths:3 | Reached skill level 13 in Maces & Flails
 57226 | Depths:3 | Noticed Boris
 57242 | Depths:3 | Killed Boris
 57844 | Depths:3 | Noticed a juggernaut
 57845 | Depths:3 | Noticed a caustic shrike
 58184 | Depths:3 | Reached skill level 14 in Maces & Flails
 58205 | Depths:3 | Identified the +0 broad axe "Hell-Harrower" {venom, +Blink
                  | rC+}
 58475 | Depths:3 | Killed a juggernaut
 58476 | Depths:3 | Reached XP level 23. HP: 192/192 MP: 27/27
 58498 | Depths:3 | Identified the +5 ring mail of Ypnuo {-Tele rF+ Str+2
                  | Dex+4}
 58514 | Depths:3 | Got the Incunabulum of the Mutagenic Maleficium
 58535 | Depths:3 | Got the Treatise on Corpses
 58791 | Depths:3 | Killed a caustic shrike
 59478 | Depths:4 | Entered Level 4 of the Depths
 59583 | Depths:3 | Reached skill level 15 in Maces & Flails
 60182 | Depths:4 | Identified +0 ice dragon scales
 60510 | Depths:4 | Identified +0 storm dragon scales
 60530 | Depths:4 | Found a gate to the Realm of Zot.
 61169 | Vaults:5 | Entered Level 5 of the Vaults
 61171 | Vaults:5 | Noticed a dread lich
 61180 | Vaults:5 | Killed a dread lich
 61181 | Vaults:5 | Reached skill level 16 in Maces & Flails
 61204 | Vaults:5 | Identified the +3 sling "Lafit" {drain, rN+}
 61253 | Vaults:5 | Paralysed by a sphinx for 2 turns
 61278 | Vaults:5 | Identified +0 shadow dragon scales
 61691 | Vaults:5 | Paralysed by a sphinx for 2 turns
 61784 | Vaults:5 | Reached skill level 19 in Fighting
 62538 | Vaults:5 | Reached skill level 18 in Armour
 62542 | Vaults:5 | Noticed an ancient lich
 62580 | Vaults:5 | Killed an ancient lich
 62600 | Vaults:5 | Noticed a dread lich
 62899 | Vaults:5 | Identified the +10 scale mail "Sippic" {Int+3}
 62937 | Vaults:5 | Identified +0 storm dragon scales
 62973 | Vaults:5 | Identified the +0 sling "Killer Bee's Death" {elec, Contam
                  | rF++ Int+3}
 63019 | Vaults:5 | Reached skill level 19 in Shields
 63031 | Vaults:5 | Gained mutation: A powerful demonic guardian rushes to your
                  | aid. [demonic ancestry]
 63031 | Vaults:5 | Reached XP level 24. HP: 201/201 MP: 27/27
 63090 | Vaults:5 | Killed a dread lich
 63142 | Vaults:5 | Identified +0 gold dragon scales
 63197 | Vaults:5 | Identified +0 storm dragon scales
 63594 | Vaults:5 | Identified the +1 ring mail of Unreason {Dex+4}
 63630 | Vaults:5 | Got a silver rune of Zot
 63950 | Vaults:5 | Reached skill level 21 in Dodging
 64130 | Vaults:5 | Upgraded the game from 0.30-a0-939-gc8157cb160 to
                  | 0.30-a0-946-gec5dcfc036
 64441 | Zot:1    | Entered Level 1 of the Realm of Zot
 66437 | Zot:2    | Reached skill level 20 in Fighting
 66499 | Zot:2    | Noticed an orb of fire
 66509 | Zot:2    | Killed an orb of fire
 67613 | Zot:3    | Noticed a Killer Klown
 67640 | Zot:2    | Killed a Killer Klown
 67750 | Zot:3    | Identified +0 storm dragon scales
 68147 | Zot:3    | Reached skill level 19 in Armour
 68980 | Zot:3    | Identified +0 shadow dragon scales
 69031 | Zot:3    | Gained mutation: Your magical and physical power is
                  | enhanced at high health. [demonic ancestry]
 69031 | Zot:3    | Reached XP level 25. HP: 212/212 MP: 27/27
 69150 | Zot:3    | Identified the +1 morningstar of Feotut {freeze, Will+
                  | Dex+4 Stlth+}
 69215 | Zot:3    | Identified quicksilver dragon scales
 69326 | Zot:3    | Reached skill level 20 in Shields
 70013 | Zot:4    | Identified +0 gold dragon scales
 70505 | Zot:4    | Noticed a Killer Klown
 70541 | Zot:4    | Found the +4 dragonskin cloak
 70541 | Zot:4    | Noticed Tiamat
 70627 | Zot:3    | Killed a Killer Klown
 70892 | Zot:3    | HP: 6/212 [Tiamat/+2 demon trident of venom (23)]
 70899 | Zot:3    | HP: 18/212 [Tiamat/blast of cold (8)]
 70900 | Zot:3    | Killed Tiamat
 72040 | Zot:5    | Entered Level 5 of the Realm of Zot
 72378 | Zot:5    | Identified +0 storm dragon scales
 72386 | Zot:5    | Identified the +1 leather armour of Existentialism {Will+
                  | Str+5 Dex+2 Stlth-}
 72871 | Zot:5    | Noticed an ancient lich
 72876 | Zot:5    | Noticed an orb of fire
 72876 | Zot:5    | Noticed an orb of fire
 72880 | Zot:5    | Noticed an ancient lich
 72882 | Zot:5    | Noticed an ancient lich
 72884 | Zot:5    | Noticed an ancient lich
 72884 | Zot:5    | Noticed a Killer Klown
 72887 | Zot:5    | Noticed a dread lich
 72890 | Zot:5    | Noticed an ancient lich
 72893 | Zot:5    | Killed an ancient lich
 72894 | Zot:5    | Reached skill level 21 in Fighting
 72894 | Zot:5    | Reached skill level 22 in Dodging
 72900 | Zot:5    | Gained mutation: Your magical capacity is low. (-10% MP)
                  | [an orb of fire]
 72901 | Zot:5    | Noticed a Killer Klown
 72903 | Zot:5    | Noticed an ancient lich
 72905 | Zot:5    | Gained mutation: You are occasionally teleported next to
                  | monsters. [an orb of fire]
 72908 | Zot:5    | Killed an orb of fire
 72912 | Zot:5    | Noticed a Killer Klown
 72920 | Zot:5    | Gained mutation: You sometimes lose your temper in combat.
                  | [an orb of fire]
 72923 | Zot:5    | Killed an orb of fire
 72928 | Zot:5    | Killed an ancient lich
 72933 | Zot:5    | Killed an ancient lich
 72939 | Zot:5    | Killed a dread lich
 72946 | Zot:5    | Noticed a dread lich
 72946 | Zot:5    | Killed an ancient lich
 72950 | Zot:5    | Killed an ancient lich
 72959 | Zot:5    | Killed an ancient lich
 73225 | Zot:4    | Lost mutation: Your magical capacity is low. (-10% MP)
                  | [potion of mutation]
 73225 | Zot:4    | Lost mutation: You have a pair of small horns on your head.
                  | [potion of mutation]
 73225 | Zot:4    | Lost mutation: You have large cloven feet. [potion of
                  | mutation]
 73225 | Zot:4    | Gained mutation: You are highly strong-willed. (Will++)
                  | [potion of mutation]
 73225 | Zot:4    | Gained mutation: Your skin changes colour to match your
                  | surroundings (Stealth+). [potion of mutation]
 73226 | Zot:4    | Lost mutation: You are dopey. (Int -2) [potion of mutation]
 73226 | Zot:4    | Lost mutation: You are occasionally teleported next to
                  | monsters. [potion of mutation]
 73226 | Zot:4    | Gained mutation: You are frail. (-10% HP) [potion of
                  | mutation]
 73226 | Zot:4    | Gained mutation: You occasionally shout uncontrollably at
                  | your foes. [potion of mutation]
 73227 | Zot:4    | Lost mutation: Your skin changes colour to match your
                  | surroundings (Stealth+). [potion of mutation]
 73227 | Zot:4    | Lost mutation: You are frail. (-10% HP) [potion of
                  | mutation]
 73227 | Zot:4    | Lost mutation: You sometimes lose your temper in combat.
                  | [potion of mutation]
 73227 | Zot:4    | Gained mutation: You are dopey. (Int -2) [potion of
                  | mutation]
 73227 | Zot:4    | Gained mutation: Your flesh is heat resistant. (rF+)
                  | [potion of mutation]
 73374 | Zot:5    | Killed a dread lich
 74602 | Zot:5    | Gained mutation: You are clumsy. (Dex -2) [mutagenic glow]
 74611 | Zot:5    | Gained mutation: Potions are less effective at restoring
                  | your health. [mutagenic glow]
 74616 | Zot:5    | Reached skill level 20 in Armour
 74632 | Zot:5    | Gained mutation: You are very clumsy. (Dex -4) [mutagenic
                  | glow]
 74696 | Zot:5    | Identified quicksilver dragon scales
 74789 | Zot:5    | Killed a Killer Klown
 75755 | Zot:5    | Killed a Killer Klown
 75762 | Zot:5    | Killed a Killer Klown
 75772 | Zot:5    | Reached XP level 26. HP: 184/222 MP: 27/27
 76065 | Zot:5    | HP: 18/223 [Orb Guardian (41)]
 76677 | Zot:5    | Got the Orb of Zot
 76740 | Zot:2    | Noticed Pif Jal the pandemonium lord
 77203 | D:9      | Reached skill level 21 in Shields
 77260 | D:6      | Noticed Boris
 77372 | D:$      | Escaped with the Orb!

Vanquished Creatures
  4 dread liches
  6 ancient liches
  3 orbs of fire
  Mara (Vaults:4)
  Mennas (Vaults:2)
  A juggernaut (Depths:3)
  Boris (Depths:3)
  5 Killer Klowns
  3 curse toes
  Xtahua (Vaults:3)
  Margery (Vaults:3)
  5 caustic shrikes
  9 golden dragons
  Jory (Vaults:4)
  4 bone dragons
  3 electric golems
  2 Hell Sentinels
  4 liches
  16 tentacled monstrosities
  25 Orb Guardians
  Asterion (Depths:1)
  A quicksilver dragon (shapeshifter) (Depths:3)
  A walking crystal tome (Depths:2)
  5 titans
  Zenata (Vaults:4)
  6 quicksilver dragons
  A walking divine tome (Depths:2)
  2 tentacled starspawn (Abyss:2)
  6 death cobs
  4 krakens
  4 sphinxes (Vaults:5)
  An Executioner (D:4)
  5 tengu reavers
  14 storm dragons
  4 draconian knights
  12 shadow dragons
  Ilsuiw (Shoals:2)
  Donald (Vaults:3)
  Roxanne (D:14)
  6 nagarajas
  8 fire giants
  A draconian monk (Zot:3)
  5 deep elf sorcerers
  A draconian scorcher (Zot:1)
  5 frost giants
  Aizul (Vaults:3)
  2 ghost moths
  27 vault wardens
  An emperor scorpion (shapeshifter) (Vaults:5)
  An orc warlord (Vaults:2)
  23 ironbound preservers
  A juggernaut skeleton (Abyss:3)
  2 spriggan defenders (Depths:3)
  A draconian shifter (Zot:5)
  10 stone giants
  18 very ugly things
  5 draconian stormcallers
  6 draconian annihilators
  2 war gargoyles
  8 green draconians
  14 black draconians
  2 vampire knights
  6 ironbound thunderhulks
  7 purple draconians
  6 yellow draconians
  13 dire elephants
  A lorocyproca (Depths:2)
  6 spark wasps
  8 red draconians
  An eidolon (Vaults:3)
  A minotaur (Gauntlet)
  10 white draconians
  Snorg (D:14)
  A blizzard demon (Abyss:3)
  3 fire dragons (Depths:2)
  A deep elf death mage (Vaults:3)
  9 merfolk javelineers
  3 entropy weavers
  2 crystal guardians
  6 merfolk impalers
  5 ettins
  A green death (Abyss:3)
  A quicksilver dragon zombie (Vaults:5)
  4 deep elf high priests (Vaults:5)
  12 yaktaur captains
  Fannar (D:10)
  13 hydras
  A salamander tyrant (Snake:4)
  7 ice dragons
  36 vault guards
  4 rakshasas
  10 great orbs of eyes
  A catoblepas (Lair:5)
  A hydra (shapeshifter) (Vaults:5)
  9 ironbound frosthearts
  4 peacekeepers
  5 centaur warriors
  A spriggan air mage (Depths:3)
  17 anacondas
  5 ogre magi
  A death knight (D:12)
  4 merfolk avatars
  2 dancing weapons (D:13)
  7 merfolk aquamancers
  20 two-headed ogres
  2 deep troll shamans
  20 naga warriors
  8 tengu warriors
  7 boulder beetles
  An alligator snapping turtle (Shoals:4)
  6 death yaks (Lair:5)
  4 deep troll earth magi
  Urug (Orc:1)
  23 hell knights
  2 vampire magi
  17 naga sharpshooters
  2 spriggan berserkers
  15 shock serpents
  9 thrashing horrors
  2 storm dragon zombies (Zot:3)
  4 skysharks
  4 salamander mystics
  A spatial maelstrom (Abyss:2)
  5 wretched stars
  3 iron trolls (Depths:3)
  15 sea snakes
  8 soul eaters
  9 sixfirhies
  A goliath frog (shapeshifter) (D:15)
  2 shadow wraiths
  A skeletal warrior (D:8)
  A flayed ghost (Abyss:2)
  2 obsidian statues
  2 glowing orange brains (shapeshifter)
  3 glowing orange brains
  An orb spider (shapeshifter) (Vaults:4)
  A swamp dragon (Lair:3)
  6 naga ritualists
  A swamp dragon (shapeshifter) (Abyss:3)
  45 deep trolls
  21 ironbound convokers
  3 phantasmal warriors (Vaults:5)
  13 wizards
  A wolf spider (shapeshifter) (Vaults:4)
  7 lindwurms
  An orc sorcerer (Orc:2)
  4 orc knights
  A harpy (shapeshifter) (Vaults:5)
  3 cyclopes
  13 mana vipers
  17 harpies
  5 necromancers
  17 starcursed masses (Abyss:3)
  A deep elf pyromancer (D:15)
  An iron dragon zombie (Vaults:5)
  12 moths of wrath
  50 ugly things
  14 salamanders
  A moth of wrath (shapeshifter) (Vaults:5)
  10 fauns
  16 manticores
  A worldbinder (Abyss:3)
  23 naga magi
  13 elephants
  4 water nymphs
  16 vault sentinels
  3 apocalypse crabs
  A black mamba (shapeshifter) (D:13)
  9 merfolk sirens
  An eye of devastation (shapeshifter) (Lair:1)
  7 orange demons
  37 black mambas
  5 guardian serpents
  3 rust devils
  2 gargoyles
  7 cane toads
  Psyche (D:9)
  4 smoke demons
  11 rime drakes
  4 efreet
  A kobold demonologist (D:10)
  9 komodo dragons
  5 unseen horrors
  49 yaktaurs
  5 tengu conjurers
  4 ice devils
  6 freezing wraiths
  2 human skeletons (Vaults:1)
  An ancient zyme (Abyss:3)
  5 trolls
  18 large abominations
  A polar bear (shapeshifter) (D:15)
  45 merfolk
  6 hellwings
  4 polar bears
  A hornet (shapeshifter) (Vaults:5)
  2 red devils (Depths:2)
  6 wind drakes
  12 raiju
  2 dream sheep (D:14)
  7 blink frogs
  A jumping spider (Vaults:1)
  10 snapping turtles
  5 flying skulls (Abyss:2)
  28 slime creatures
  20 small abominations
  26 water elementals
  3 wraiths
  A centaur simulacrum (D:15)
  An elf zombie (Vaults:5)
  7 ynoxinuls
  An ettin skeleton (Vaults:1)
  31 yaks
  4 shadows
  3 fire bats (Abyss:2)
  3 wyverns
  A human (shapeshifter) (Abyss:3)
  A basilisk (shapeshifter) (Depths:4)
  6 chaos spawn
  4 golden eyes (Abyss:3)
  2 redbacks (Vaults:1)
  9 neqoxecs
  7 basilisks
  Menkaure (D:4)
  4 steam dragons
  A warg (Orc:1)
  34 nagas
  An acid dragon (D:9)
  A spatial vortex (Abyss:2)
  13 water moccasins
  13 orc warriors
  3 ice beasts
  A black bear (Lair:1)
  4 boggarts (Vaults:2)
  32 ogres
  25 wolves
  9 centaurs
  9 bullfrogs
  8 kobold brigands
  A scorpion (D:5)
  A glowing shapeshifter simulacrum (Vaults:1)
  15 wights
  8 killer bees
  10 electric eels
  6 howler monkeys
  2 crimson imps (D:15)
  4 quasits
  2 hounds
  Crazy Yiuf (D:2)
  A gnoll bouda (D:6)
  5 jellies
  5 orc priests
  4 iron imps
  A sleepcap (D:7)
  Jessica (D:3)
  14 orc wizards
  Natasha (D:3)
  4 iguanas
  A mummy (Ossuary)
  7 gnolls
  13 adders
  5 river rats (Sewer)
  A shadow imp (D:7)
  3 white imps
  5 ufetubi
  2 worms
  2 dart slugs
  43 orcs
  24 ball pythons
  9 bats
  9 endoplasms
  A giant cockroach (D:1)
  9 goblins
  6 hobgoblins
  18 kobolds
  3 quokkas
  5 frilled lizards
  3 gnoll skeletons (Ossuary)
  9 kobold skeletons (Ossuary)
  13 orc skeletons (Ossuary)
  23 rats
  2 rat zombies (D:5)
  A butterfly (D:6)
  2 starspawn tentacles (Abyss:2)
  4 tentacles
2004 creatures vanquished.

Vanquished Creatures (collateral kills)
  Tiamat (Zot:3)
  A Hell Sentinel (Abyss:2)
  A titan (Vaults:5)
  An Orb Guardian (Zot:5)
  A shadow dragon (Vaults:5)
  A storm dragon (Zot:5)
  A draconian knight (Zot:3)
  A draconian scorcher (Zot:3)
  A draconian annihilator (Zot:1)
  An ironbound preserver (Vaults:3)
  A very ugly thing (Abyss:3)
  Nessos (Lair:3)
  A black draconian (Zot:3)
  2 red draconians (Zot:1)
  A yaktaur captain (Vaults:5)
  2 vault guards (Vaults:5)
  An anaconda (Snake:1)
  A hell knight (Depths:2)
  4 deep trolls (Vaults:3)
  A naga mage (Snake:2)
  A black mamba (Snake:1)
  A komodo dragon (D:8)
  A yellow draconian skeleton (Zot:3)
  A golden eye (Abyss:3)
  A naga (Snake:1)
  A wolf (Lair:2)
  A sleepcap (D:5)
  An orc (D:5)
  A tentacle (Shoals:4)
34 creatures vanquished.

Vanquished Creatures (others)
  An ancient lich (Zot:5)
  Bai Suzhen (Shoals:3)
  A spark wasp (Depths:4)
  A deep elf death mage (Vaults:5)
  An ironbound frostheart (Vaults:4)
  A wretched star (Abyss:3)
  A wizard (D:14)
  A black mamba (Snake:2)
  A merfolk siren (Shoals:3)
  A large abomination (D:15)
  A yaktaur (Vaults:4)
  A golden eye (Abyss:3)
  A rime drake zombie (Lair:5)
  A quasit (D:15)
  An adder (D:6)
  A shadow imp (D:15)
  A white imp (D:15)
  2 ufetubi (D:15)
  An orc zombie (Orc:1)
  3 demonic plants (D:15)
  13 fungi
  A lurking horror (Abyss:3)
  140 plants
  4 starspawn tentacles (Abyss:2)
  20 tentacles
  8 toadstools (Lair:3)
209 creatures vanquished.

Grand Total: 2247 creatures vanquished
